Cogmind - Beta 16 @@@ ROGUE MODE // 2026.01.13 @ 22:29:58 Player: KingCain Result: Destroyed by S-10 Pest with Light Assault Rifle Performance ------------- Evolutions (0) 0 Regions Visited (2) 400 Robots Destroyed (9) 45 Value Destroyed (264) 264 Prototype IDs (0) 0 Alien Tech Used (0) 0 Bonus (0) 0 TOTAL SCORE: 709 Bonus ------- None Cogmind --------- Core Integrity 0/250 Matter 268/300 Energy 250/250 System Corruption 0% Temperature Cool (0) Movement Rolling (110) Location -10/Subcaves Parts ------- > --- POWER (1) -------- Ion Engine > --- PROPULSION (2) --- Subdweller Monowheel > --- UTILITY (2) ------ Small Storage Unit Machine Analyzer > --- WEAPON (2) ------- (None) > --- INVENTORY (8) ---- Light Ion Engine Makeshift Power Source Light Treads Wheel Scrap Shield Fragment (48) Scrap Shield Fragment (46) Scrap Shield Fragment (31) Peak State ------------ > --- POWER ------------ Ion Engine > --- PROPULSION ------- Wheel Wheel > --- UTILITY ---------- Small Storage Unit Machine Analyzer > --- WEAPON ----------- Light Cannon Light Cannon > --- INVENTORY -------- Light Ion Engine Makeshift Power Source Light Treads Scrap Shield Fragment Scrap Shield Fragment [Rating: 10] Favorites ----------- Power Ion Engine Engine Ion Engine Propulsion Wheel Wheel Wheel Utility Small Storage Unit Storage Small Storage Unit Processor Machine Analyzer Weapon Light Cannon Energy Gun EM Pulse Gun Ballistic Cannon Light Cannon Build | -11 -10 -10 ------- Run | Yrd Mat Sub Slots Evolved . | . . . Power . | . . . Propulsion . | . . . Utility . | . . . Weapon . | . . . Parts Attached 14 | 7 3 4 Power 2 | 1 1 . Engine 2 | 1 1 . Core . | . . . Reactor . | . . . Propulsion 4 | 2 . 2 Treads . | . . . Leg . | . . . Wheel 4 | 2 . 2 Hover . | . . . Flight . | . . . Utility 2 | 1 . 1 Device . | . . . Storage 1 | 1 . . Processor 1 | . . 1 Hackware . | . . . Protection . | . . . Artifact . | . . . Weapon 6 | 3 2 1 Energy Gun 3 | 3 . . Energy Cannon . | . . . Ballistic Gun . | . . . Ballistic Cannon 3 | . 2 1 Launcher . | . . . Special Weapon . | . . . Impact Weapon . | . . . Slashing Weapon . | . . . Piercing Weapon . | . . . Special Melee Weapon . | . . . Unidentified Prototypes . | . . . Parts Lost 5 | . . 5 Power . | . . . Propulsion 2 | . . 2 Utility . | . . . Weapon 3 | . . 3 Highest Loss Streak 2 | . . 2 To Critical Strikes . | . . . Average Backups 2 | . 1 2 Power 1 | . . 1 Propulsion . | . . . Utility . | . . . Weapon . | . . . Tool/Special . | . . . Unused Backups 2 | . . 2 Power 1 | . . 1 Propulsion 1 | . . 1 Utility . | . . . Weapon . | . . . Tool/Special . | . . . Average Slot Usage (%) 85 | . 83 86 Engine 14 | . 14 14 Wheel 27 | . 28 27 Storage 14 | . 14 14 Processor 3 | . . 4 Energy Gun 1 | . 3 . Ballistic Cannon 24 | . 23 25 Peak Build Rating 10 | 6 6 10 Average Rating 6 | 4 5 7 On Entrance 4 | . 6 6 Avg Prop Armor Cover (%) . | . . . Naked Turns . | . . . Heaviest Build 16 | 12 16 16 Greatest Support 30 | 26 26 30 Greatest Overweight (x) 1 | . . 1 Average Overweight (x) . | . . . Largest Inventory Capacity 8 | 8 8 8 Average Capacity 7 | 6 8 8 Most Carried 7 | . 2 7 Average Carried 3 | . 1 4 Final Capacity 8 | 8 8 8 Final Carried 7 | . 2 7 Class Distribution -------------------- 100% | Mutant Dominant Class ---------------- Mutant | -10/Materials Mutant | -10/Subcaves Resources | -11 -10 -10 ----------- Run | Yrd Mat Sub Matter Collected 515 | 222 91 202 Remotely . | . . . Salvage Created 135 | . 86 49 Parts 11 | . 6 5 Haulers Intercepted . | . . . Recyclers Shooed . | . . . Parts Field Recycled . | . . . Retrieved Matter . | . . . Parts Self-Destructed 9 | . . 9 Prevented . | . . . Parts Restored . | . . . Kills | -11 -10 -10 ------- Run | Yrd Mat Sub Combat Hostiles Destroyed 8 | . 2 6 Cannons 8 | . 2 6 Classes Destroyed 4 | . 2 2 Watcher 1 | . 1 . Swarmer 2 | . . 2 Grunt 2 | . 2 . Subdweller 4 | . . 4 Best Kill Streak 2 | . 2 2 Combat Bots Only 2 | . 2 2 Max Kills in Single Turn 1 | . 1 1 Gunslinging . | . . . Exploded . | . . . Melee . | . . . Uniques/NPCs Destroyed . | . . . Combat | -11 -10 -10 -------- Run | Yrd Mat Sub Hostile Shots Fired 87 | . 9 78 Missed 35 | . 2 33 Hits 52 | . 7 45 Projectile 52 | . 7 45 Damage Taken 781 | . 74 707 Core 255 | . 22 233 Absorbed by Shields . | . . . Core Remaining (%) 100 | 100 . . Volleys Fired 39 | . 3 36 Largest 2 | . 2 2 Hottest 60 | . 60 60 Shots Fired 64 | . 6 58 Gun . | . . . Cannon 64 | . 6 58 Launcher . | . . . Special . | . . . Kinetic 64 | . 6 58 Thermal . | . . . Explosive . | . . . Electromagnetic . | . . . Robot Hit Streak 8 | . 2 8 Robot Miss Streak 3 | . 1 3 Penetration Max . | . . . Secondary Targets . | . . . Shots Hit Robots 41 | . 3 38 Core Hits 12 | . 2 10 Critical Kills . | . . . Critical Parts Destroyed . | . . . Critical Strikes 4 | . 1 3 Blast 4 | . 1 3 Melee Attacks . | . . . Impact . | . . . Slashing . | . . . Piercing . | . . . Sneak Attacks . | . . . Combat Hostiles . | . . . Follow-up Attacks . | . . . Damage Inflicted 750 | . 54 696 Guns . | . . . Cannons 744 | . 54 690 Explosions . | . . . Melee . | . . . Ramming 6 | . . 6 Kinetic 744 | . 54 690 Thermal . | . . . Explosive . | . . . Electromagnetic . | . . . Impact . | . . . Slashing . | . . . Piercing . | . . . Highest Corruption . | . . . Average Corruption . | . . . Corruption Purged . | . . . Corruption Blocked . | . . . Overload Shots . | . . . Overflow Damage . | . . . Projectiles . | . . . Explosions . | . . . Melee . | . . . Knockbacks 7 | . . 7 Impact . | . . . Kinetic 7 | . . 7 Secondary . | . . . Self-Inflicted Damage 1 | . . 1 Shots . | . . . Rammed 6 | . . 6 Targets Rammed 6 | . . 6 Kicked . | . . . Crushed . | . . . Highest Temperature 6 | . 6 . Average Temperature 6 | . 6 . Received Heat Transfer 120 | . 42 78 Siege Activations . | . . . Martial Activations . | . . . Shielding Activations . | . . . Robots Disrupted . | . . . Combat Hostiles . | . . . Robots Corrupted . | . . . Combat Hostiles . | . . . Parts Fried . | . . . Impact Corruptions . | . . . Robots Melted . | . . . Combat Hostiles . | . . . Parts Melted . | . . . Heat Transferred . | . . . Parts Sabotaged . | . . . Parts Stolen . | . . . Parts Stripped . | . . . Power Chain Reactions . | . . . Alert | -11 -10 -10 ------- Run | Yrd Mat Sub Maximum Alert Level . | . . . Low Security (%) 100 | 100 100 . Level 1 . | . . . Level 2 . | . . . Level 3 . | . . . Level 4 . | . . . Level 5 . | . . . High Security . | . . . Max Security . | . . . Peak Influence 50 | . 50 . Initial . | . . . Average 13 | . 16 . Influence Increases 139 | . 89 50 Destroy 0b10 Robot/C 80 | . 40 40 Destroy 0b10 Robot/NC 5 | . 5 . Destroy Leader 22 | . 12 10 Successful Hack 2 | . 2 . Lose Combat Pursuer 30 | . 30 . Influence Decreases 139 | . 69 70 Entered New Map 10 | . . 10 Time Decay 119 | . 69 50 Lost Part 10 | . . 10 Squads Dispatched 1 | . 1 . Investigation 1 | . 1 . Extermination . | . . . Reinforcement . | . . . Assault . | . . . Garrison . | . . . Intercept . | . . . Searches Triggered . | . . . Construction Impeded . | . . . Haulers Reinforced . | . . . Active Scanning Responses . | . . . Cargo Convoy Interrupts . | . . . Stealth | -11 -10 -10 --------- Run | Yrd Mat Sub Distress Signals . | . . . Communications Jammed . | . . . Distress Signals . | . . . Times Spotted 15 | . 4 11 Peak Tracking Total 3 | . 2 3 Tactical Retreats 1 | . 1 . Traps | -11 -10 -10 ------- Run | Yrd Mat Sub Traps Triggered . | . . . Indirectly . | . . . Trap Hack Attempts . | . . . Triggered . | . . . Disarmed . | . . . Reprogrammed . | . . . Reused . | . . . Traps Extracted . | . . . Installed . | . . . Triggered . | . . . Machines | -11 -10 -10 ---------- Run | Yrd Mat Sub Machines Disabled . | . . . Max in Single Turn . | . . . Machines Repaired . | . . . Machines Dismantled . | . . . Machines Sabotaged . | . . . Overloaded Fab Kills . | . . . Hacking | -11 -10 -10 --------- Run | Yrd Mat Sub Machines Accessed 1 | . 1 . Terminals 1 | . 1 . Fabricators . | . . . Repair Stations . | . . . Recycling Units . | . . . Scanalyzers . | . . . Garrison Access . | . . . Total Hacks 3 | . 3 . Successful 2 | . 2 . Failed 1 | . 1 . Catastrophic . | . . . Database Lockouts . | . . . Manual . | . . . Terminals 3 | . 3 . Fabricators . | . . . Repair Stations . | . . . Recycling Units . | . . . Scanalyzers . | . . . Garrison Access . | . . . Terminal Hacks 2 | . 2 . Record 1 | . 1 . Patrol Status 1 | . 1 . Fabricator Hacks . | . . . Repair Station Hacks . | . . . Recycling Unit Hacks . | . . . Scanalyzer . | . . . Garrison Access Hacks . | . . . Unauthorized Hacks . | . . . Terminals . | . . . Fabricators . | . . . Repair Stations . | . . . Recycling Units . | . . . Scanalyzers . | . . . Garrison Access . | . . . Data Cores Recovered . | . . . Used . | . . . Hacking Detections 1 | . 1 . Full Trace Events 1 | . 1 . Feedback Events . | . . . Feedback Blocked . | . . . Robot Schematics Acquired . | . . . Robots Built . | . . . Authchips . | . . . Time . | . . . Total Robot Build Rating . | . . . Part Schematics Acquired . | . . . Parts Built . | . . . Authchips . | . . . Time . | . . . Total Part Build Rating . | . . . Part Studies Acquired . | . . . Parts Repaired . | . . . Time . | . . . Parts Recycled . | . . . Recycled Matter . | . . . Retrieved Matter . | . . . Retrieved Components . | . . . Parts Scanalyzed . | . . . Part Schematics Acquired . | . . . Parts Damaged . | . . . Bothacking | -11 -10 -10 ------------ Run | Yrd Mat Sub Used RIF Installer . | . . . Robots Hacked . | . . . Non-combat . | . . . Combat . | . . . Robot Hacks Applied . | . . . Relay Couplers Released . | . . . Fabnet Peak Effective % . | . . . Robots Rewired . | . . . Allies Hacked . | . . . Hacks Repelled . | . . . Allies | -11 -10 -10 -------- Run | Yrd Mat Sub Total Allies . | . . . Largest Group . | . . . Highest-Rated Group . | . . . Highest-Rated Ally . | . . . Total Orders . | . . . Ally Attacks . | . . . Total Damage . | . . . Kills . | . . . Allies Corrupted . | . . . Allies Melted . | . . . Intel | -11 -10 -10 ------- Run | Yrd Mat Sub Active Infowar (turns) 210 | . . 210 Machine Analysis 210 | . . 210 Robot Analysis Total . | . . . Derelict Logs Recovered 1 | . . 1 Drone Launches . | . . . Drone Recoveries . | . . . Exploration | -11 -10 -10 ------------- Run | Yrd Mat Sub Turns Passed 870 | 60 230 580 Spaces Moved 826 | 55 234 537 Core 6 | 6 . . Treads . | . . . Legs . | . . . Wheels 820 | 49 234 537 Hover . | . . . Flight . | . . . Fastest Speed 50 | 50 90 80 Average Speed 88 | 85 90 87 Slowest Speed 95 | 90 90 95 Overloaded Moves . | . . . Propulsion Burnouts . | . . . Robots Hopped . | . . . Potential Cave-ins . | . . . Cave-ins Triggered . | . . . Exploration Rate (%) 21 | 4 29 30 Regions Visited 2 Branch Regions 1 Pre-discovered Areas 1 | . . 1 Known Exits Taken . | . . . Unknown Exits Taken 2 | 1 1 . Scrap Searched . | . . . Spaces Dug . | . . . Terrain Destroyed . | . . . Melee . | . . . Projectile . | . . . AOE . | . . . Terrain Rammed . | . . . Walls Destroyed . | . . . Machines Disabled . | . . . Actions | -11 -10 -10 --------- Run | Yrd Mat Sub Total 898 | 64 246 588 Wait 6 | 2 4 . Move 824 | 54 233 537 Hop . | . . . Pick Up 6 | . 1 5 Fast Attach 11 | 7 2 2 Attach 1 | . . 1 Detach . | . . . Swap 2 | . 1 1 Drop 3 | 1 2 . Fire 39 | . 3 36 Melee . | . . . Ram 6 | . . 6 Kick . | . . . Crush . | . . . Escape Stasis . | . . . Rewire . | . . . Trap . | . . . Miscellaneous . | . . . Route ------- -11/Scrapyard -10/Materials -10/Subcaves History --------- Turn | Location | Event 5 | -11/Scrapyard | Discovered new exit (range 16) 61 | -11/Scrapyard | Entered Materials 282 | -10/Materials | Discovered new exit (range 8) 291 | -10/Materials | Entered Subcaves 292 | -10/Subcaves | Approached by a straggling Scientist 296 | -10/Subcaves | Learned location of Zion (-6) 301 | -10/Subcaves | Build established: Mutant 602 | -10/Subcaves | Core integrity fell below 50% 633 | -10/Subcaves | Core integrity fell below 20% 766 | -10/Subcaves | Ambushed by Subdwellers from Twisted Machinery 871 | -10/Subcaves | Destroyed by S-10 Pest with Light Assault Rifle Last Messages --------------- 00677_ Acquired 8 matter. 00682_ Acquired 1 matter. 00696_ Subatomizers dissect the Sub. Power Source. 00766_ Y4-5FW(R) emerges from the Twisted Machinery. 00776_ Lgt. Cannon destroyed. 00799_ Y4-5FW(R) Sub. Monowheel blasted off. 00801_ Y4-5FW(R) destroyed. 00813_ Acquired 14 matter. 00814_ Subatomizers dissect the Sub. Monowheel. 00816_ Acquired 3 matter. 00818_ Acquired 2 matter. 00820_ Acquired 5 matter. 00854_ Lgt. Cannon destroyed. 00864_ S-10 Pest destroyed. 00865_ Wheel destroyed. 00866_ Slammed into S-10 Pest. 00871_ Acquired 13 matter. 00871_ Slammed into S-10 Pest. Map ----- +----------------------------------------------------+ | """ """ ### #?? #???????????????? | | ## # # ""#?### #??? ??????????????? | | ### #### """#?## #???? #????????????? | | ## #?# #?### """"## ##???? #????????????? | | ?# #???# """## ##?? #????????????? | | ?# ##???# ### ## #?????????????? | | ?# ####????## ###?# #??????????????? | | ?# ##????????######?### ##??????????????? | | ? #????????????????# ####???????????????? | | ?#####????????????????# #####??????????????????? | | ?????????????????????## ##?????????????????????? | | ?????????????????????# #?????????????????????? | | ?????????????????????# #?????????????????????? | | ?????????????????????# #?????????????????????? | | ?????????????????????## ????????????????????? | | ??????????????????????## # ???????????????????? | | ???????????????????????# ## ??????????????????? | | ???????????????????????# ? # ????????????????? | | ???????????????????????### ?## ???????????????? | | ??????????????????????????#???? ""??????????????? | | ?????????????????????###############???? ?????? | | ?????????????????????# # ## # ### ????? | | ?????????????????????# ????? | | ?????????????????????# #?????? | | #????????????????????## =#### ## ###???????????? | | ##????????????????????##s@ ########??????????????? | | #####?????????????????# *s " "#??????????????? | | ##????????????????# " #??????????????? | | #????????????????# ##??????????????? | | #?????????????????#### ##???????????????? | | #?????????????????????# #????????????????? | | #????????????????????#### #????????????????? | | #???????????????????## #????????????????? | | ##?????????????????## #????????????????? | | #?????????????????# "##????????????????? | | #####??????????????# ""##????????????????? | | ##?# #####??????#"#?# "" #????????????????? | | ##?# #????### #### """"""???????????????? | | ### #???## ### "" " "???????????????? | | ##### # "" ####???????????????? | | ## "" ###??????????????????? | | # #????????????????????? | | # ##### ###????????????????????? | | # ##???## ####??????????????????????? | | # #?????## #?????????????????????????? | | #######?# ##?????????????????????????? | | ### #### ##?????????????????????????? | | ## #?# ##????????????????????????? | | ## #?## #????????????????????????? | | ?## ##??# #????????????????????????? | +----------------------------------------------------+ Best States ------------- Heat Dissipation 25 Energy Generation 10 Energy Capacity 250 Matter Stores 300 Matter Capacity 300 Sight Range 16 Terrain Scan Density 10 Evasion (%) 44 Item Schematics ----------------- None Robot Schematics ------------------ None Fabricated ------------ Nothing Repaired ---------- Nothing Studied --------- None Alien Tech Used ----------------- None Achievements -------------- None Challenges ------------ None Game ------ Seed NovaPotentialAutobeam Manual? 0 Play Time 00:10:51 Cumulative 10.6 hours Start 2026.01.13 @ 22:14:32 End 2026.01.13 @ 22:29:58 Sessions 1 Manual Loads 0 Difficulty Rogue Special Mode None Game No. 32 Rogue 32 Adventurer 0 Explorer 0 Win Type - Total 0 Types 0/0/0/0/0/0/0/0/0/0 Lore% 4 Gallery% 15 Achievement% 11 Wizard Run 0 Options --------- Layout 1 ASCII 0 Keyboard 1 Movement Vi Keybinds 0 Fullscreen 1 Font 24/Smallcaps Map View 50x35 Zoom Use 0% Tactical HUD 1 Map Filters NONE Filters NONE Steam 1 RUN: 0fee2168-626d-4017-9ad1-de0e119be0a7